 Dungeon Crawl Stone Soup version 0.19-a0-767-gecb35b1 (webtiles) character file.

86 TheGoonsmith the Firebug (level 4, -6/24 HPs)
             Began as a Deep Elf Fire Elementalist on June 25, 2016.
             Mangled by Natasha (10 damage)
             ... on level 2 of the Dungeon.
             The game lasted 00:01:36 (1215 turns).

TheGoonsmith the Firebug (DEFE)                     Turns: 1215, Time: 00:01:36

Health: -6/24      AC:  2    Str:  5    XL:     4   Next: 26%
Magic:  1/11       EV: 13    Int: 21    God:
Gold:   104        SH:  0    Dex: 15    Spells: 1 memorised, 9 levels left

rFire  . . .     SeeInvis .     (no weapon)
rCold  . . .     Gourm    .     a - +0 robe
rNeg   . . .     Faith    .     (no shield)
rPois  .         Spirit   .     (no helmet)
rElec  .         Dismiss  .     (no cloak)
rCorr  .         Reflect  .     (no gloves)
SustAt .         Harm     .     (no boots)
MR     +....                    (no amulet)
Stlth  ++........               (no ring)
                                e - ring of protection from magic

@: somewhat resistant to hostile enchantments, unstealthy
A: no striking features
a: no special abilities


You were on level 2 of the Dungeon.
You were not hungry.

You visited 1 branch of the dungeon, and saw 2 of its levels.

You collected 104 gold pieces.

Inventory:

Armour
 a - a +0 robe (worn)
Jewellery
 e - a ring of protection from magic (left hand)
Scrolls
 d - a scroll of teleportation {unknown}
 k - a scroll of magic mapping {unknown}
 l - 3 scrolls of blinking {unknown}
 o - 2 scrolls of noise {unknown}
 r - a scroll of identify {unknown}
Potions
 f - a potion of berserk rage {unknown}
 g - 2 potions of lignification {unknown}
 h - a potion of curing {unknown}
 i - a potion of degeneration {unknown}
 j - a potion of heal wounds {unknown}
 m - a potion of invisibility {unknown}
 n - a potion of ambrosia {unknown}
 q - a potion of resistance {unknown}
Books
 b - a book of Flames

   Spells                             Type                      Level
   a - Flame Tongue                   Conjuration/Fire             1
   b - Throw Flame                    Conjuration/Fire             2
   c - Conjure Flame                  Conjuration/Fire             3
   d - Inner Flame                    Hexes/Fire                   3
   e - Sticky Flame                   Conjuration/Fire             4
   f - Fireball                       Conjuration/Fire             5
Comestibles
 c - 2 bread rations
 p - 2 chunks of flesh


   Skills:
 - Level 2.4 Dodging
 - Level 2.4 Stealth
 + Level 3.9 Spellcasting
 * Level 3.2 Conjurations
 + Level 4.1 Fire Magic


You had 9 spell levels left.
You knew the following spells:

 Your Spells              Type           Power        Failure   Level  Hunger
a - Flame Tongue          Conj/Fire      ###..        2%          1    None


Dungeon Overview and Level Annotations

Branches:
Dungeon (2/15)

Altars:
Kikubaaqudgha

Annotations:
D:2 Natasha


Message History

The crimson imp blinks!
Natasha claws you!
* * * LOW HITPOINT WARNING * * *
Casting: Flame Tongue
Confirm with . or Enter, or press ? or * to list all spells.
Aiming: Flame Tongue
Press: ? - help, Shift-Dir - straight line, f/p - Natasha
Aim: Natasha (heavily wounded)
The flame tongue misses Natasha.
Natasha casts a spell at you. The magic dart hits you!
* * * LOW HITPOINT WARNING * * *
Casting: Flame Tongue
Confirm with . or Enter, or press ? or * to list all spells.
Aiming: Flame Tongue
Press: ? - help, Shift-Dir - straight line, f/p - Natasha
Aim: Natasha (heavily wounded)
The flame tongue hits Natasha.
Natasha is severely wounded.
Natasha claws you!
You die...

#.## #.# .# ## #.# ##.
#.###### ##... #....).#
..... ######.# ..5. #.#
..# #.# #h## #.# ##@#
#.# ##.## #.#
#.(#############.#
......#...[.....†.....#
#######################


You could see Natasha and a crimson imp.

Vanquished Creatures
  Ijyb (D:2)
  Natasha (D:2)
  2 giant geckos (D:1)
  6 giant cockroaches
  3 goblins (D:1)
  6 hobgoblins
  6 bats
  3 giant newts
  2 kobolds
  5 rats
35 creatures vanquished.

Notes
Turn   | Place    | Note
--------------------------------------------------------------
     0 | D:1      | TheGoonsmith the Deep Elf Fire Elementalist began the quest for the Orb.
     0 | D:1      | Reached XP level 1. HP: 10/10 MP: 6/6
   166 | D:1      | Reached XP level 2. HP: 15/15 MP: 6/8
   632 | D:1      | Reached XP level 3. HP: 19/19 MP: 5/10
   911 | D:2      | Found an ancient bone altar of Kikubaaqudgha.
  1057 | D:2      | Noticed Natasha
  1063 | D:2      | Killed Natasha
  1063 | D:2      | Reached skill level 4 in Fire Magic
  1206 | D:2      | Noticed Ijyb
  1206 | D:2      | Noticed Natasha
  1211 | D:2      | Killed Ijyb
  1211 | D:2      | Reached XP level 4. HP: 23/24 MP: 5/11
  1215 | D:2      | Mangled by Natasha

Vault maps used:
D:1:      dpeg_arrival_three_smaller_balls
D:2:      nicolae_overflow_crystal_walls, uniq_natasha, uniq_iyjb

Skill      XL: |  1  2  3 |
---------------+----------+-----
Conjurations   | 2 3 |  3.2
Fire Magic     | 4 |  4.1
Dodging        | |  2.4
Stealth        | |  2.4
Spellcasting   | |  3.9

Action                   |  1- 3 |  4- 6 || total
-------------------------+-------+-------++-------
Melee: Unarmed           |     1 |       ||     1
 Cast: Flame Tongue      |    56 |     5 ||    61
  Eat: Chunk             |     1 |       ||     1
Armor: Robe              |     5 |       ||     5
Dodge: Dodged            |    11 |     1 ||    12
